 Dungeon Crawl Stone Soup version 0.31-a0-473-g61b50ae490 (webtiles) character file.

Game seed: 1605635346199186246

333 Mickster the Chopper (level 6, 0/66 HPs)
             Began as an Ogre Berserker on Aug 7, 2023.
             Was a Follower of Trog.
             Slain by Grinder (5 damage)
             ... on level 3 of the Dungeon.
             The game lasted 00:19:22 (1105 turns).

Mickster the Chopper (Ogre Berserker)               Turns: 1105, Time: 00:19:27

Health: 0/66       AC:  4    Str: 24    XL:     6   Next: 52%
Magic:  6/6        EV: 10    Int:  8    God:    Trog [*.....]
Gold:   32         SH:  0    Dex:  8    Spells: 5/5 levels left

rFire   . . .        a - +0 hand axe
rCold   . . .        (no shield)
rNeg    . . .        b - +0 animal skin
rPois   .            (helmet restricted)
rElec   .            m - +0 cloak
rCorr   .            (gloves unavailable)
SInv    .            (boots unavailable)
Will    .....        (no amulet) Stlth
                     (no ring)
HPRegen 0.31/turn    (no ring)
MPRegen 0.10/turn

%: no passive effects
@: silenced, on berserk cooldown, slowed, very slow
A: large, unfitting armour, tough skin 1
a: Renounce Religion


You were on level 3 of the Dungeon.
You worshipped Trog.
Trog was aware of your devotion.
You visited 1 branch of the dungeon, and saw 3 of its levels.

You collected 32 gold pieces.

Inventory:

Hand Weapons
 a - a +0 hand axe (weapon)
 h - a +1 dagger of speed
 j - a +3 quarterstaff of chaos
 n - a +0 long sword
Missiles
 g - 4 poisoned darts
Armour
 b - a +0 animal skin (worn)
 m - a +0 cloak (worn)
Scrolls
 l - a scroll of amnesia
Potions
 c - a potion of attraction {unknown}
 e - a potion of resistance {unknown}
 f - a potion of ambrosia {unknown}
 i - 2 potions of enlightenment {unknown}
 k - a potion of heal wounds {unknown}


   Skills:
 + Level 5.4 Fighting
 * Level 5.8 Axes
 + Level 3.6 Dodging
 + Level 0.3 Stealth


You had 5 spell levels left.
You didn't know any spells.
Your spell library was empty.

Dungeon Overview and Level Annotations

Branches:
Dungeon (3/15)

Altars:
Qazlal

Annotations:
D:3 Grinder


Innate Abilities, Weirdness & Mutations

You are too large for most types of armour.
You have tough skin. (AC +1)


Message History

Grinder gestures at you. Pain shoots through your body!
You hit Grinder.
Grinder is lightly wounded.
Grinder completely misses you. Grinder barely misses you.
Okay, then.
As you read the scroll of silence, it crumbles to dust.
A profound silence engulfs you. Grinder hits you.
You writhe in agony.
You barely miss Grinder.
Grinder is lightly wounded.
Grinder gestures at you.
You struggle to resist.
Grinder hits you.
You writhe in agony.
You hit Grinder but do no damage.
Grinder is lightly wounded.
Grinder hits you.
You hit Grinder but do no damage.
Grinder is lightly wounded.
Grinder closely misses you. Grinder hits you.
You writhe in agony.
* * * LOW HITPOINT WARNING * * *
You slash Grinder!
Grinder is moderately wounded.
Grinder hits you.
* * * LOW HITPOINT WARNING * * *
You writhe in agony.
* * * LOW HITPOINT WARNING * * *
You barely miss Grinder.
Grinder is moderately wounded.
Grinder hits you.
* * * LOW HITPOINT WARNING * * *
You writhe in agony.
* * * LOW HITPOINT WARNING * * *
Grinder gestures at you.
You struggle to resist.
You completely miss Grinder.
Grinder is moderately wounded.
Grinder gestures at you.
You struggle to resist.
Grinder hits you.
* * * LOW HITPOINT WARNING * * *
You writhe in agony.
You die...

....## ###..)#
.#### ##### .. ## .
# . ########## ##.
.........# #.# #
######.#.# #.#.# #
.# #.#.### #.#.#.#
[#
#.....#####@5...#..
.#
#.........).^.....#
.#
#.....#####......##
.# #.#<### #....###
.# #.#.# #..!...#
.# #.#.# #...##..#
..... ....# #..
....# #.#.# #.
...... ....#


You could see Grinder (unsilenced).

Vanquished Creatures
  Sigmund (D:2)
  A sky beast (D:3)
  Crazy Yiuf (D:3)
  An adder (D:2)
  A worm (D:3)
  An orc (D:3)
  3 endoplasms
  4 giant cockroaches
  2 goblins (D:3)
  6 hobgoblins
  2 quokkas
  5 ball pythons (D:1)
  2 bats (D:1)
  2 frilled lizards
  6 kobolds
  A rat (D:3)
39 creatures vanquished.

Notes
Turn   | Place    | Note
-------+----------+-------------------------------------------
     0 | D:1      | Mickster the Ogre Berserker began the quest for the Orb.
     0 | D:1      | Reached XP level 1. HP: 24/24 MP: 1/1
   185 | D:1      | Reached XP level 2. HP: 32/32 MP: 2/2
   394 | D:1      | Reached XP level 3. HP: 28/40 MP: 3/3
   638 | D:2      | Noticed Sigmund
   649 | D:2      | Killed Sigmund
   650 | D:2      | Reached skill level 5 in Fighting
   650 | D:2      | Reached skill level 5 in Axes
   650 | D:2      | Reached XP level 4. HP: 50/50 MP: 4/4
   650 | D:2      | Reached XP level 5. HP: 57/57 MP: 5/5
   833 | D:3      | Noticed a sky beast
   846 | D:3      | Killed a sky beast
   847 | D:3      | Reached XP level 6. HP: 66/66 MP: 6/6
   856 | D:3      | Found a stormy altar of Qazlal.
   991 | D:3      | Found a runed translucent door.
   992 | D:3      | Noticed Crazy Yiuf
   999 | D:3      | Killed Crazy Yiuf
  1081 | D:3      | Noticed Grinder
  1092 | D:3      | Paralysed by Grinder for 3 turns
  1105 | D:3      | Slain by Grinder

Illustrated notes

Levels and vault maps discovered:
D:1:      mainiacjoe_arrival_reflecting_pool, layout_loops_cross,
          hangedman_abyss_or_decor_stabs, nicolae_houndstooth_variations
D:2:      layout_rooms, nicolae_elevator_lobby_plus, uniq_sigmund, uniq_natasha
D:3:      layout_loops_ring, nicolae_qazlal_beasts_of_the_sky, tso_metal_star,
          uniq_grinder, uniq_crazy_yiuf_cottage

Skill      XL: |  1  2  3 |
---------------+----------+-----
Dodging        | 3 |  3.6
Fighting       | 5 |  5.4
Axes           | 5 |  5.8
Stealth        | |  0.3

Action                     |  1- 3 |  4- 6 || total
---------------------------+-------+-------++-------
  Melee: Hand axe          |    76 |    60 ||   136
         Punch             |     1 |       ||     1
 Invoke: Berserk           |     1 |     4 ||     5
    Use: Scroll            |     1 |     2 ||     3
 Armour: Animal skin       |    25 |    11 ||    36
  Dodge: Dodged            |    40 |    26 ||    66

Table legend: (Time is in decaauts)
 A = Elapsed time spent in this place.
 B = Non-inter-level travel time spent in this place.
 C = Inter-level travel time spent in this place.
 D = Time resting spent in this place.
 E = Time spent auto-exploring this place.
 F = Levels seen in this place.
 G = Mean time per level.
                   A        B        C        D        E       F      G
               +--------+--------+--------+--------+--------+-----+--------+
         Total |   1154 |   1051 |    103 |    205 |      0 |   3 |  384.7 |
       Dungeon |   1154 |   1051 |    103 |    205 |      0 |   3 |  384.7 |
               +--------+--------+--------+--------+--------+-----+--------+

Top non-repeatable levels by time:
     D:1: 646 daAuts
     D:3: 332 daAuts
     D:2: 176 daAuts
